 Dungeon Crawl Stone Soup version 0.17-a0-1519-g2001520 (webtiles) character file.

8708 Chiseanne the Blocker (level 11, -1/87 HPs)
             Began as a Formicid Gladiator on July 13, 2015.
             Was the Champion of Makhleb.
             Slain by a blue devil (11 damage)
             ... summoned by an orc sorcerer
             ... on level 3 of the Orcish Mines.
             The game lasted 00:37:19 (13002 turns).

Chiseanne the Blocker (Formicid Gladiator)         Turns: 13002, Time: 00:37:19

Health: -1/87      AC: 12    Str: 20    XL:     11   Next: 60%
Magic:  11/11      EV: 10    Int:  8    God:    Makhleb [******]
Gold:   343        SH: 22    Dex: 14    Spells: 0 memorised, 10 levels left

rFire  . . .     SeeInvis +     a - +5 broad axe "Eluamysm" {flame, MR+}
rCold  . . .     Clarity  .     W - +0 scale mail
rNeg   . . .     SustAt   .     b - +4 large shield
rPois  .         Gourm    +     (helmet unavailable)
rElec  .         Spirit   .     (no cloak)
rCorr  .         Warding  .     m - +0 pair of gloves
rMut   .         Stasis   +     q - +0 pair of boots
MR     ++...                    C - amulet of the gourmand
Stlth  ..........               v - +2 ring of slaying
                                M - +2 ring of protection

@: very resistant to hostile enchantments, extremely unstealthy
A: permanent stasis, dig shafts and tunnels, four strong arms, antennae 3,
breathe flames 1
a: Dig, Shaft Self, Minor Destruction, Lesser Servant of Makhleb, Major
Destruction, Greater Servant of Makhleb, Renounce Religion, Breathe Fire


You were on level 3 of the Orcish Mines.
You worshipped Makhleb.
Makhleb was exalted by your worship.
You were completely stuffed.

You visited 2 branches of the dungeon, and saw 13 of its levels.
You also visited: Sewer.

You collected 1336 gold pieces.
You spent 993 gold pieces at shops.

Inventory:

Hand weapons
 a - the +5 broad axe "Eluamysm" (weapon) {flame, MR+}
   (You bought it in a shop on level 8 of the Dungeon)

   It has been specially enchanted to burn those struck by it, causing extra
   injury to most foes and up to half again as much damage against particularly
   susceptible opponents.
   Big, fiery blades are also staple armaments of hydra-hunters.
   It affects your resistance to hostile enchantments.
 e - a +1 hunting sling of freezing
 s - the +5 long sword "Ytadeb" {vamp, rF+}
   (You found it on level 5 of the Dungeon)

   It inflicts no extra harm, but heals its wielder somewhat when it strikes a
   living foe.
   It protects you from fire.
 w - a +0 blowgun
 N - a +0 battleaxe of chopping
Missiles
 c - 4 throwing nets (quivered)
 f - 47 bolts
 l - 58 sling bullets
 u - 7 steel javelins
 B - 25 poisoned needles
 D - 5 javelins
 G - 6 tomahawks
 K - 20 bolts of flame
 U - 2 poisoned tomahawks
Armour
 b - a +4 large shield (worn)
 m - a +0 pair of gloves (worn)
 q - a +0 pair of boots (worn)
 W - a +0 scale mail (worn)
Jewellery
 g - an uncursed amulet of resist mutation
 v - a +2 ring of slaying (right hand)
 x - an uncursed ring of flight
 z - an uncursed ring of invisibility
 C - an amulet of the gourmand (around neck)
 M - a +2 ring of protection (left hand)
Magical devices
 d - a wand of confusion (26)
 t - a wand of magic darts (37)
 L - a wand of fireball (14)
 T - a wand of heal wounds (0)
 Z - a wand of magic darts (13)
Scrolls
 k - 4 scrolls of immolation
 y - 6 scrolls of remove curse
 O - a scroll of amnesia
 S - 3 scrolls of enchant weapon
Potions
 h - 8 potions of curing
 i - a potion of might
 n - a potion of cancellation
 o - a potion of invisibility {unknown}
 E - a potion of flight
 H - 4 potions of heal wounds
 I - 2 potions of brilliance
 Q - a potion of mutation {unknown}
Books
 R - a book of Conjurations

   Spells                             Type                      Level
   a - Magic Dart                     Conjuration                  1
   b - Searing Ray                    Conjuration                  2
   c - Dazzling Spray                 Conjuration/Hexes            3
   d - Fulminant Prism                Conjuration/Hexes            4
   e - Iskenderun's Mystic Blast      Conjuration                  4
   f - Iskenderun's Battlesphere      Conjuration/Charms           5
 Y - a book of Minor Magic

   Spells                             Type                      Level
   a - Magic Dart                     Conjuration                  1
   b - Blink                          Translocation                2
   c - Call Imp                       Summoning                    2
   d - Repel Missiles                 Charms/Air                   2
   e - Slow                           Hexes                        2
   f - Conjure Flame                  Conjuration/Fire             3
   g - Mephitic Cloud                 Conjuration/Poison/Air       3
Comestibles
 j - 2 royal jellies
 p - 5 meat rations
 r - 5 fruits
 A - 2 beef jerkies
 F - a slice of pizza
 J - 14 bread rations
 P - 7 chunks of flesh


   Skills:
 + Level 8.3 Fighting
 - Level 5.7 Long Blades
 * Level 5.9(7.0) Axes
   Level 5.9(7.0) Maces & Flails
 - Level 1.5 Throwing
 + Level 7.9 Armour
 - Level 3.1 Dodging
 * Level 11.4 Shields


You had 10 spell levels left.
You didn't know any spells.

Dungeon Overview and Level Annotations

Branches:
Dungeon (10/15)            Temple (0/1) D:6            Lair (0/8) D:9
    Orc (3/4) D:9             Elf (0/3) Orc:3

Altars:
Ashenzari
Cheibriados
Dithmenos
Fedhas
Gozag
Kikubaaqudgha
Makhleb
Nemelex Xobeh
Ru
Sif Muna
Xom
Zin
The Shining One
Beogh

Shops:
D:4 :%   D:5 (   D:6 :   D:8 *   Orc:2 !:

Annotations:
D:4 ikki's ghost, average MiBe


Innate Abilities, Weirdness & Mutations

You are under a permanent stasis effect.
You can dig through walls and to a lower floor.
Your four strong arms can wield two-handed weapons with a shield.
You have a pair of large antennae on your head (SInv).
You can breathe flames.


Message History

The soul eater draws from the surrounding life force!
* * * LOW HITPOINT WARNING * * *
The soul eater is healed.
The orc sorcerer closely misses you. You block the orc sorcerer's attack.
The blue devil swoops through the air toward you!
You block the blue devil's attack.
You slash the orc sorcerer! You burn the orc sorcerer.
The orc sorcerer is moderately wounded.
You hit the blue devil but do no damage.
The blue devil is lightly wounded.
You completely miss the soul eater.
The soul eater is lightly wounded.
You closely miss the orc sorcerer.
The orc sorcerer is severely wounded.
The soul eater draws from the surrounding life force!
* * * LOW HITPOINT WARNING * * *
The soul eater is healed.
You block the orc sorcerer's attack.
The orc sorcerer hits you but does no damage.
The blue devil hits you!
You die...

....##
##........##
....##
##.......#
.....#
##...####
.......#
##.#.#
.......##
###.##
.........#
#..{#
##.......#
###Z#####
##........
#.[oo)..#
##.>....#
#..##@##..#
.......##
#.$##)34# .#
.........
#{8#$$8$$#
.....### #.
##$.:##
.......####
#####
)........#
).#.##.....
.#### #...
.#..#... ..


You could see a soul eater, a blue devil, 2 orc sorcerers and an orc zombie.

Vanquished Creatures
  Urug (Orc:3)
  Nergalle (Orc:3)
  The ghost of Tyryt0 the Covered, an experienced MiFi of Trog (D:6)
  Joseph (D:8)
  A kobold demonologist (Sewer)
  A komodo dragon (D:10)
  A merfolk (D:9)
  Grinder (D:4)
  Prince Ribbit (D:7)
  2 deep elf magi (Orc:1)
  Grum (D:9)
  2 hungry ghosts
  8 orc warriors
  A swamp drake (Orc:1)
  2 ice beasts
  A sky beast (D:8)
  A black bear (D:8)
  8 ogres
  A centaur (D:6)
  3 phantoms
  Blork the orc (D:3)
  3 big kobolds
  A giant frog (D:9)
  2 scorpions (D:4)
  4 wights (D:6)
  5 killer bees (D:8)
  A centaur zombie (D:9)
  3 crimson imps
  A giant frog zombie (D:7)
  An iron imp (Orc:1)
  11 orc priests
  A gnoll shaman (D:7)
  2 giant frog skeletons
  8 worker ants
  2 hounds (D:8)
  Natasha (thrice) (D:4)
  19 orc wizards
  An iguana (D:5)
  4 big kobold zombies (Sewer)
  A hound skeleton (D:5)
  A worker ant zombie (D:5)
  Robin (D:3)
  8 gnolls
  10 adders
  6 shadow imps
  A white imp (Orc:1)
  6 ufetubi (Sewer)
  3 oozes (Sewer)
  An adder skeleton (D:7)
  6 worms
  109 orcs
  9 bats
  A bat skeleton (D:6)
  A bat zombie (Sewer)
  9 giant cockroaches
  15 hobgoblins
  15 jackals
  5 quokkas
  A ball python (D:7)
  7 giant geckos
  6 giant newts
  24 goblins
  A jackal zombie (D:6)
  28 kobolds
  A kobold zombie (Sewer)
  A quokka skeleton (D:5)
  12 rats
401 creatures vanquished.

Vanquished Creatures (others)
  3 wolves (D:9)
  An orc wizard (Orc:1)
  2 hounds (D:9)
  An orc priest (D:9)
  A worker ant (D:9)
  An ooze (Sewer)
  A hobgoblin (D:9)
  A jackal (D:9)
  2 giant cockroaches (Sewer)
  A rat (D:9)
14 creatures vanquished.

Grand Total: 415 creatures vanquished

Notes
Turn   | Place    | Note
--------------------------------------------------------------
     0 | D:1      | Chiseanne the Formicid Gladiator began the quest for the Orb.
     0 | D:1      | Reached XP level 1. HP: 16/16 MP: 1/1
   245 | D:1      | Found a sparkling altar of Nemelex Xobeh.
   557 | D:1      | Reached XP level 2. HP: 23/23 MP: 2/2
   785 | D:2      | Found a shattered altar of Ashenzari.
   813 | D:2      | Reached skill level 1 in Armour
  1298 | D:1      | Reached XP level 3. HP: 9/28 MP: 3/3
  1722 | D:2      | Reached XP level 4. HP: 12/35 MP: 4/4
  2475 | D:3      | Noticed Robin
  2487 | D:3      | Killed Robin
  2571 | D:3      | Found a shadowy altar of Dithmenos.
  2686 | D:3      | Reached XP level 5. HP: 41/41 MP: 5/5
  2831 | D:3      | Noticed a phantom
  2855 | D:3      | Killed a phantom
  2855 | D:3      | Reached skill level 1 in Maces & Flails
  2855 | D:3      | Reached skill level 1 in Shields
  3287 | D:3      | Reached XP level 6. HP: 44/48 MP: 6/6
  3319 | D:3      | Noticed Blork the orc
  3493 | D:3      | Found a deep blue altar of Sif Muna.
  3666 | D:4      | Found Angibycs's Book Emporium.
  3675 | D:4      | Found a glowing drain.
  3697 | Sewer    | Entered a sewer
  3870 | Sewer    | Reached skill level 4 in Fighting
  3903 | Sewer    | Reached XP level 7. HP: 41/54 MP: 7/7
  3906 | Sewer    | Found a burning altar of Makhleb.
  3977 | Sewer    | Became a worshipper of Makhleb the Destroyer
  4196 | Sewer    | Noticed an apprentice kobold demonologist
  4211 | Sewer    | Killed an apprentice kobold demonologist
  4211 | Sewer    | Reached XP level 8. HP: 34/61 MP: 8/8
  4555 | D:4      | Noticed Natasha
  4564 | D:4      | Killed Natasha
  4640 | D:4      | Reached skill level 5 in Shields
  4665 | D:4      | Noticed an orc warrior
  4674 | D:4      | Reached skill level 5 in Fighting
  4681 | D:4      | Acquired Makhleb's first power
  4686 | D:4      | Killed an orc warrior
  4962 | D:4      | Noticed Natasha
  4968 | D:4      | Killed Natasha
  5039 | D:4      | Found Poxki's Food Boutique.
  5066 | D:4      | Found a shattered altar of Ashenzari.
  5120 | D:4      | Reached skill level 6 in Shields
  5295 | D:4      | Noticed Natasha
  5298 | D:4      | Killed Natasha
  5300 | D:4      | Noticed ikki's ghost (average MiBe)
  5407 | D:3      | Killed Blork the orc
  5407 | D:3      | Reached skill level 5 in Maces & Flails
  5705 | D:3      | Reached XP level 9. HP: 56/68 MP: 9/9
  5770 | D:4      | Noticed Grinder
  5776 | D:4      | Killed Grinder
  5776 | D:4      | Reached skill level 7 in Shields
  6024 | D:5      | Entered Level 5 of the Dungeon
  6154 | D:5      | Reached skill level 5 in Armour
  6467 | D:5      | Got a brightly glowing long sword
  6474 | D:5      | Identified the +5 long sword "Ytadeb" {vamp, rF+} (You found it on level 5 of the Dungeon)
  6615 | D:5      | Found Exompat's Antique Weapon Shop.
  6822 | D:6      | Found Neugrisk's Book Emporium.
  6901 | D:6      | Noticed Tyryt0's ghost (experienced MiFi)
  6901 | D:6      | Reached skill level 1 in Long Blades
  6915 | D:6      | Killed Tyryt0's ghost
  6934 | D:6      | Found a staircase to the Ecumenical Temple.
  6960 | D:6      | Acquired Makhleb's second power
  6964 | D:6      | Reached skill level 8 in Shields
  7524 | D:6      | Found a burning altar of Makhleb.
  7676 | D:6      | Found a glowing golden altar of the Shining One.
  7677 | D:6      | Found a shimmering altar of Xom.
  7687 | D:6      | Reached XP level 10. HP: 75/77 MP: 10/10
  7694 | D:6      | Found a sparkling altar of Nemelex Xobeh.
  7964 | D:7      | Noticed Prince Ribbit
  7973 | D:7      | Killed Prince Ribbit
  8257 | D:7      | Reached skill level 9 in Shields
  8364 | D:7      | Acquired Makhleb's third power
  8718 | D:8      | Found Binuxt's General Store.
  8722 | D:8      | Bought a scroll of identify for 24 gold pieces
  8722 | D:8      | Bought a scroll of remove curse for 36 gold pieces
  8722 | D:8      | Bought a bread ration for 60 gold pieces
  9075 | D:8      | Reached skill level 5 in Long Blades
  9140 | D:8      | Found a deep blue altar of Sif Muna.
  9220 | D:8      | Noticed Joseph
  9232 | D:8      | Killed Joseph
  9407 | D:8      | Found an opulent altar of Gozag.
  9445 | D:8      | Found a glowing silver altar of Zin.
  9608 | D:9      | Reached skill level 10 in Shields
  9648 | D:9      | Acquired Makhleb's fourth power
  9693 | D:9      | Found a snail-covered altar of Cheibriados.
  9756 | D:9      | Found a sacrificial altar of Ru.
  9784 | D:9      | Found a blossoming altar of Fedhas.
  9848 | D:9      | Found an ancient bone altar of Kikubaaqudgha.
 10111 | D:9      | Found a staircase to the Lair.
 10147 | D:9      | Reached XP level 11. HP: 84/84 MP: 11/11
 10261 | D:9      | Noticed Grum
 10264 | D:9      | Found a shimmering altar of Xom.
 10266 | D:9      | Killed Grum
 10482 | D:9      | HP: 3/84 [orc warrior/trident (14)]
 10665 | D:9      | Found a staircase to the Orcish Mines.
 10700 | D:10     | Entered Level 10 of the Dungeon
 10883 | Orc:1    | Entered Level 1 of the Orcish Mines
 10916 | Orc:1    | Acquired Makhleb's fifth power
 11442 | D:8      | Bought the +5 broad axe "Eluamysm" {flame, MR+} for 537 gold pieces
 11617 | Orc:1    | Reached skill level 5 in Axes
 12146 | Orc:2    | Reached skill level 11 in Shields
 12168 | Orc:2    | Found a roughly hewn altar of Beogh.
 12206 | Orc:2    | Found Eboyzan's Book Shoppe.
 12253 | Orc:2    | Found Esamevi's Distillery.
 12291 | Orc:2    | Bought a potion of degeneration for 14 gold pieces
 12291 | Orc:2    | Bought a potion of cancellation for 112 gold pieces
 12291 | Orc:2    | Bought 2 potions of curing for 84 gold pieces
 12291 | Orc:2    | Bought a potion of heal wounds for 70 gold pieces
 12291 | Orc:2    | Bought a potion of might for 56 gold pieces
 12294 | Orc:2    | Gained mutation: You can breathe flames. [potion of beneficial mutation]
 12504 | Orc:3    | Found a staircase to the Elven Halls.
 12574 | Orc:3    | Noticed Urug
 12585 | Orc:3    | Killed Urug
 12791 | Orc:3    | Noticed Nergalle
 12803 | Orc:3    | Killed Nergalle
 12988 | Orc:3    | Noticed an orc sorcerer
 12992 | Orc:3    | Noticed a soul eater
 12995 | Orc:3    | Noticed an orc sorcerer
 13002 | Orc:3    | Slain by a blue devil

Vault maps used:
D:1:      evilmike_arrival_hilbert_curve, nemelex_xobeh_ov_fountains_minmay
D:2:      lemuel_crystal_altar, first_bread, serial_park_tiny_2
D:3:      grunt_dithmenos_smoke, minmay_misc_feat_roman, tgw_sif, uniq_robin
D:4:      portal_sewer_entry_f, serial_shops, shop, shop, st_stairs_10,
          ashenzari_altar_1, uniq_natasha, uniq_grinder
D:5:      serial_shops, kennysheep_mini_moat, serial_bayou_pond_d
D:6:      grunt_temple_overflow_cloverleaf, temple_doors_e, serial_shops, shop
D:7:      uniq_prince_ribbit1
D:8:      black_bear_nest_1, grunt_temple_overflow_gold_and_silver,
          lemuel_coloured_pillars_altar, serial_shops, shop, uniq_joseph
D:9:      lemuel_crystal_altar, lemuel_round_altar,
          nicolae_ru_great_annihilating_truth, fedhas_altar_2, lair_0_dummy,
          david_orc_4, hangedman_fish_farm, xom_confusion_cloud, uniq_grum
D:10:     kennysheep_minor_cross
Orc:1:    hangedman_minor_magic
Orc:2:    serial_shops, shop_fountains,
          nicolae_shop_temple_entry_statues_fountains, basic_altar
Orc:3:    nicolae_orc_pool_cavern, mines4_lemuel, uniq_nergalle, uniq_urug
Sewer:    kennysheep_sewer_church

Action                   |  1- 3 |  4- 6 |  7- 9 | 10-12 || total
-------------------------+-------+-------+-------+-------++-------
Melee: War axe           |   101 |    60 |       |       ||   161
       Whip              |       |   147 |   198 |     5 ||   350
       Long sword        |       |       |   102 |   455 ||   557
       Broad axe         |       |       |       |   134 ||   134
 Fire: Blowgun           |       |       |       |     2 ||     2
Throw: Throwing net      |       |       |     3 |       ||     3
 Abil: Dig               |     2 |     5 |     3 |    16 ||    26
Evoke: Wand              |       |       |     1 |     1 ||     2
  Use: Scroll            |     4 |     8 |     9 |     5 ||    26
       Potion            |       |       |     3 |     2 ||     5
 Stab: Sleeping          |     1 |       |       |       ||     1
       Distracted        |       |     1 |       |       ||     1
       Paralysed         |       |       |       |     2 ||     2
       Confused          |       |       |       |     1 ||     1
  Eat: Chunk             |     2 |    19 |    17 |    40 ||    78
